 Dungeon Crawl Stone Soup version 0.23-a0-239-g84a5ed292d (webtiles) character file.

205 boarsaur the Chopper (level 5, -3/49 HPs)
             Began as a Gargoyle Berserker on Sept 26, 2018.
             Was a Priest of Trog.
             Slain by a wyvern (4 damage)
             ... on level 4 of the Dungeon.
             The game lasted 00:02:49 (2723 turns).

boarsaur the Chopper (Gargoyle Berserker)           Turns: 2723, Time: 00:02:50

Health: -3/49      AC: 10    Str: 26    XL:     5   Next: 83%
Magic:  5/5        EV: 12    Int:  7    God:    Trog [***...]
Gold:   106        SH:  0    Dex:  7    Spells: 4/4 levels left

rFire    x . .     SeeInvis .   a - +0 hand axe
rCold    + . .     Gourm    .   (no shield)
rNeg     + . .     Faith    .   o - +1 animal skin
rPois    ∞         Spirit   .   u - +2 helmet
rElec    +         Reflect  .   (no cloak)
rCorr    .         Harm     .   (no gloves)
MR       .....                  (no boots)
Stlth    ..........             (no amulet)
HPRegen  0.16/turn              m - -3 ring of dexterity (curse)
MPRegen  0.09/turn              r - ring of ice

@: berserking, very quick
A: negative energy resistance 1, electricity resistance, unbreathing,
petrification resistance, rot immunity, AC +4
a: Berserk, Trog's Hand, Renounce Religion


You were on level 4 of the Dungeon.
You worshipped Trog.
Trog was most pleased with you.
You were hungry.

You visited 1 branch of the dungeon, and saw 4 of its levels.

You collected 106 gold pieces.

Inventory:

Hand Weapons
 a - a +0 hand axe (weapon)
Armour
 o - a +1 animal skin (worn)
 u - a +2 helmet (worn)
Jewellery
 m - a cursed -3 ring of dexterity (left hand)
 r - a ring of ice (right hand)
Scrolls
 d - a scroll of fear {unknown}
 f - a scroll of teleportation {unknown}
 g - a scroll of blinking {unknown}
 h - 2 scrolls of remove curse {unknown}
 l - a scroll of amnesia {unknown}
 q - a scroll of enchant armour {unknown}
 t - a scroll of identify {unknown}
Potions
 e - 3 potions of might {unknown}
 i - a potion of resistance
 j - a potion of cancellation {unknown}
 k - a potion of haste {unknown}
 n - 2 potions of agility {unknown}
 p - a potion of curing {unknown}
 s - a potion of heal wounds {unknown}
Comestibles
 c - 4 rations


   Skills:
 + Level 3.8 Fighting
 * Level 5.0 Axes
 + Level 2.2 Armour
 + Level 2.3 Dodging
 + Level 0.9 Stealth


You had 4 spell levels left.
You didn't know any spells.
Your spell library was empty.

Dungeon Overview and Level Annotations

Branches:
Dungeon (4/15)
 Temple: D:4-7

Altars:
Ashenzari
Makhleb
Qazlal
Vehumet
The Shining One


Innate Abilities, Weirdness & Mutations

You are resistant to torment.
Your stone body is resilient. (AC +4)
You are immune to poison.
You resist negative energy. (rN+)
You are resistant to electric shocks. (rElec)
You can survive without breathing.
You are immune to petrification.
You are immune to rotting.


Message History

The wyvern is moderately wounded.
The wyvern hisses menacingly.
The wyvern bites you!
A wyvern is nearby!
You are too injured to fight recklessly!
You are too injured to fight recklessly!
You are too injured to fight recklessly!
You barely miss the wyvern.
The wyvern is moderately wounded.
The wyvern bites you!
* * * LOW HITPOINT WARNING * * *
The wyvern barely misses you.
A red film seems to cover your vision as you go berserk!
You feel yourself moving faster!
You feel mighty!
You are feeling hungry.
The wyvern barely misses you.
You hit the wyvern.
The wyvern is moderately wounded.
The wyvern bites you.
You die...

#....)..........
#.#####......##.
##............# ##
.#..#.......### ..
....#.#..#### ####.###
......#..#######......
...............#....
)....#.......#.#.l#
##.............#@.#.#..
.....#..................
...###.......#.##.#.....
##.# #.........# .# #...
...#.........# .. .#
#.#.......### ##. #
######### . #


You could see a wyvern.

Vanquished Creatures
  An orc wizard (D:3)
  A hound skeleton (D:3)
  Robin (D:4)
  7 adders
  A worm (D:2)
  2 dart slugs
  3 leopard geckos
  3 orcs
  6 bats
  2 giant cockroaches
  17 goblins
  11 hobgoblins
  7 kobolds
  2 quokkas
  4 ball pythons
  3 frilled lizards
  6 rats
77 creatures vanquished.

Notes
Turn   | Place    | Note
-------+----------+-------------------------------------------
     0 | D:1      | boarsaur the Gargoyle Berserker began the quest for the
                  | Orb.
     0 | D:1      | Reached XP level 1. HP: 14/14 MP: 1/1
    77 | D:1      | Reached skill level 3 in Axes
   274 | D:1      | Reached XP level 2. HP: 16/19 MP: 2/2
   743 | D:2      | Reached XP level 3. HP: 22/23 MP: 3/3
  1078 | D:2      | Reached ** piety under Trog
  1093 | D:2      | Reached skill level 4 in Axes
  1156 | D:2      | Reached XP level 4. HP: 18/28 MP: 4/4
  1857 | D:3      | Reached XP level 5. HP: 26/33 MP: 5/5
  2083 | D:3      | Found a shattered altar of Ashenzari.
  2403 | D:3      | Found a radiant altar of Vehumet.
  2404 | D:3      | Found a stormy altar of Qazlal.
  2409 | D:3      | Found a burning altar of Makhleb.
  2413 | D:3      | Found a glowing golden altar of the Shining One.
  2444 | D:4      | Noticed Robin
  2455 | D:4      | Reached *** piety under Trog
  2655 | D:4      | Killed Robin
  2655 | D:4      | Reached skill level 5 in Axes
  2717 | D:4      | Noticed a wyvern
  2721 | D:4      | HP: 1/33 [wyvern (11)]
  2723 | D:4      | Slain by a wyvern

Vault maps used:
D:1:      denvon_arrival_hothouse
D:3:      lemuel_round_altar, minitemple
D:4:      kennysheep_little_box, dancing_weapons_uskayaw, uniq_robin,
          uniq_edmund

Skill      XL: |  1  2  3  4  5 |
---------------+----------------+-----
Axes           | 3 4 5 |  5.0
Dodging        | 2 |  2.3
Fighting       | |  3.8
Armour         | |  2.2
Stealth        | |  0.9

Action                   |  1- 3 |  4- 6 || total
-------------------------+-------+-------++-------
Melee: Hand axe          |   109 |   146 ||   255
Invok: Berserk           |       |     2 ||     2
 Stab: Sleeping          |       |     1 ||     1
  Eat: Chunk             |       |     7 ||     7
Armor: Animal skin       |    49 |    61 ||   110
Dodge: Dodged            |    94 |   128 ||   222

Table legend:
 A = Non-vault XP
 B = Vault XP
 C = Vault XP percentage of total XP
 D = Non-vault monster count
 E = Vault monster count
 F = Vault count percentage of total count
                 A         B        C        D         E       F
            +---------+---------+-------+---------+---------+-------
      Total |     258 |      35 |  11.9 |      65 |      12 |  15.6
            +---------+---------+-------+---------+---------+-------
        D:1 |      30 |       0 |   0.0 |      18 |       0 |   0.0
        D:2 |     109 |       0 |   0.0 |      24 |       0 |   0.0
        D:3 |     103 |       0 |   0.0 |      21 |       0 |   0.0
        D:4 |      16 |      35 |  68.6 |       2 |      12 |  85.7
            +---------+---------+-------+---------+---------+-------
